 Dungeon Crawl Stone Soup version 0.31-a0-267-g3fc6992b3b (webtiles) character file.

Game seed: 1348948120935576451

84 qw the Shooter (level 4, -1/26 HPs)
             Began as a Gargoyle Hexslinger on July 13, 2023.
             Slain by a gnoll
             ... wielding a +2 spear of venom
              (6 damage)
             ... on level 2 of the Dungeon.
             The game lasted 00:00:30 (1110 turns).

qw the Shooter (Gargoyle Hexslinger)                Turns: 1110, Time: 00:00:31

Health: -1/26      AC:  6    Str: 11    XL:     4   Next: 46%
Magic:  5/5        EV: 11    Int: 14    God:
Gold:   80         SH:  0    Dex: 14    Spells: 4/5 levels left

rFire   . . .        Y - +1 sling
rCold   . . .        (no shield)
rNeg    + . .        l - +0 leather armour
rPois   inf          (no helmet)
rElec   +            (no cloak)
rCorr   .            (no gloves)
SInv    .            (no boots)
Will    .....        (no amulet)
Stlth   +            (no ring)
HPRegen 0.24/turn    (no ring)
MPRegen 0.09/turn

%: no passive effects
@: no status effects
A: sickness immunity, AC +3, negative energy resistance 1, electricity
resistance, torment resistance 1, petrification resistance
a: no special abilities


You were on level 2 of the Dungeon.
You visited 1 branch of the dungeon, and saw 2 of its levels.

You collected 80 gold pieces.


Innate Abilities, Weirdness & Mutations

You are immune to sickness and miasma.
Your stone body is resilient. (AC +3)
You are immune to poison.
You resist negative energy. (rN+)
You are resistant to electric shocks. (rElec)
You are resistant to unholy torment.
You are immune to petrification.


   Skills:
 - Level 2.0 Fighting
 + Level 4.2 Ranged Weapons
 - Level 1.5 Dodging
 - Level 1.0 Spellcasting
 - Level 2.6 Hexes


You had 4 spell levels left.
You knew the following spells:

 Your Spells              Type           Power      Damage    Failure   Level
a - Slow                  Hex            32%        N/A       12%         1

Your spell library contained the following spells:

 Spells                   Type           Power      Damage    Failure   Level
 Inner Flame              Hex/Fire       4%         N/A       52%         3
 Portal Projectile        Hex/Tloc       8%         N/A       52%         3
 Cause Fear               Hex            4%         N/A       75%         4

Inventory:

Hand Weapons
 Y - a +1 sling (weapon)
Armour
 a - a +0 cloak
 l - a +0 leather armour (worn)
Potions
 g - a potion of might {unknown}
 i - a potion of experience {unknown}
 k - a potion of mutation {unknown}

Dungeon Overview and Level Annotations

Branches:
Dungeon (2/15)

Altars:


Message History

The gnoll shouts!
The sling bullet hits the gnoll.
The gnoll is moderately wounded.
The jackal bites you but does no damage.
You shoot a sling bullet.
The sling bullet hits the jackal but does no damage.
The jackal closely misses you. The jackal barely misses you.
A gnoll breaks down the door.
Enter note:
Enter note:
Enter note: You shoot a sling bullet.
The sling bullet hits the jackal.
The jackal is heavily wounded.
The jackal closely misses you. The jackal barely misses you.
You shoot a sling bullet. The sling bullet hits the jackal.
The jackal is almost dead.
The jackal bites you but does no damage.
The gnoll hits you but does no damage. The jackal closely misses you.
You shoot a sling bullet. The sling bullet hits the jackal.
You kill the jackal!
The gnoll hits you from afar with a +2 spear of venom.
The jackal bites you.
You shoot a sling bullet.
The sling bullet barely misses the jackal.
The gnoll hits you but does no damage. The jackal bites you.
The gnoll hits you from afar with a +2 spear of venom!
You shoot a sling bullet. The sling bullet hits the jackal.
The jackal is almost dead.
The jackal bites you but does no damage.
The jackal closely misses you.
The gnoll hits you from afar with a +2 spear of venom.
You shoot a sling bullet.
The sling bullet barely misses the jackal.
The jackal bites you.
The gnoll hits you from afar with a +2 spear of venom.
The jackal misses you.
You shoot a sling bullet. The sling bullet hits the jackal.
You kill the jackal!
The gnoll hits you from afar with a +2 spear of venom.
You die...

...# <...#..#.##.#.##
#..# ................
...# ....#..#......##
#>## . #..#.......# #.#
#..........# ..#
####.......# ###
##########.......# #
##................#
######...###...P@P.....#
..........##.###'###...#
######.......# '.g ....
##.####.###... ##.
#.####.# +...# #......#
##### ########


You could see a gnoll.

Vanquished Creatures
  Natasha (D:2)
  An adder (D:2)
  3 dart slugs
  3 ball pythons (D:1)
  A bat (D:2)
  7 endoplasms
  3 giant cockroaches (D:1)
  6 goblins (D:1)
  4 hobgoblins
  2 jackals (D:2)
  3 kobolds (D:1)
  A quokka (D:1)
  2 frilled lizards
  2 rats (D:1)
39 creatures vanquished.

Notes
Turn   | Place    | Note
-------+----------+-------------------------------------------
     0 | D:1      | qw the Gargoyle Hexslinger began the quest for the Orb.
     0 | D:1      | Reached XP level 1. HP: 12/12 MP: 2/2
     0 | D:1      | 0 ||| qw: Version: 0.3-a-52-g30416fa
     0 | D:1      | 0 ||| qw: Game counter: 7758
     0 | D:1      | 0 ||| qw: Melee chars always use a shield: true
     0 | D:1      | 0 ||| qw: God list: Okawaru
     0 | D:1      | 0 ||| qw: Allow faded altars: false
     0 | D:1      | 0 ||| qw: Do Orc after clearing Dungeon:15 true
     0 | D:1      | 0 ||| qw: Do second Lair branch before Depths: true
     0 | D:1      | 0 ||| qw: Lair rune preference: random
     0 | D:1      | 0 ||| qw: Goals: Normal
     0 | D:1      | 0 ||| PLANNING D:1-11
    65 | D:1      | Reached XP level 2. HP: 16/16 MP: 3/3
   121 | D:1      | Reached skill level 3 in Ranged Weapons
   306 | D:1      | Reached XP level 3. HP: 21/21 MP: 4/4
   471 | D:1      | Found a faded altar of an unknown god.
   782 | D:1      | 782 ||| DROPPING scarf of harm.
   783 | D:1      | 783 ||| UPGRADING to +0 leather armour.
   793 | D:1      | 793 ||| DROPPING +0 robe.
   794 | D:1      | 794 ||| DROPPING amulet of magic regeneration.
   795 | D:1      | 795 ||| READING scroll labelled PEATOB YSHEOSE.
   798 | D:1      | 798 ||| READING scroll labelled ITIALA FA EQABB.
   799 | D:1      | 799 ||| READING scroll labelled EPSOAB RAMUZ.
   800 | D:1      | 800 ||| DROPPING scroll of poison.
   886 | D:2      | Noticed Natasha
   894 | D:2      | Killed Natasha
   895 | D:2      | Reached skill level 4 in Ranged Weapons
   895 | D:2      | Reached XP level 4. HP: 16/26 MP: 5/5
  1109 | D:2      | HP: 5/26 [gnoll/+2 spear of venom (4)]
  1110 | D:2      | Slain by a gnoll

Levels and vault maps discovered:
D:1:      co_arrival_square_in_a_square_in_a_square, layout_loops_ring,
          nicolae_ecumenical_lake_church, minivault_11
D:2:      layout_loops_cross, chequers_serial_rivers_marsh,
          cheibrodos_gnoll_hut, uniq_natasha

Skill      XL: |  1  2  3 |
---------------+----------+-----
Ranged Weapons | 3 4 |  4.2
Fighting       | 2 |  2.0
Dodging        | |  1.5
Spellcasting   | |  1.0
Hexes          | |  2.6

Action                     |  1- 3 |  4- 6 || total
---------------------------+-------+-------++-------
   Fire: Sling             |   102 |    29 ||   131
    Use: Scroll            |     3 |       ||     3
 Armour: Robe              |    11 |       ||    11
         Leather armour    |     3 |     7 ||    10
  Dodge: Dodged            |    27 |     8 ||    35

Table legend:
 A = Non-vault XP
 B = Vault XP
 C = Vault XP percentage of total XP
 D = Non-vault monster count
 E = Vault monster count
 F = Vault count percentage of total count
                 A         B        C        D         E       F
            +---------+---------+-------+---------+---------+-------
      Total |      83 |      40 |  32.5 |      36 |       3 |   7.7
            +---------+---------+-------+---------+---------+-------
        D:1 |      56 |       0 |   0.0 |      29 |       0 |   0.0
        D:2 |      27 |      40 |  59.7 |       7 |       3 |  30.0
            +---------+---------+-------+---------+---------+-------
